 Dungeon Crawl Stone Soup version 0.32-a0-834-geaf45d8e21 (webtiles) character file.

Game seed: 7567608922089292210

4 zenocrate the Digger (level 1, 0/11 HPs)
             Began as an Octopode Earth Elementalist on Mar 25, 2024.
             Slain by a ball python (2 damage)
             ... on level 1 of the Dungeon.
             The game lasted 00:00:39 (262 turns).

zenocrate the Digger (Octopode Earth Elementalist)   Turns: 262, Time: 00:00:40

Health: 0/11       AC:  1    Str:  7    XL:     1   Next: 70%
Magic:  3/3        EV:  2    Int: 17    God:
Gold:   98         SH:  0    Dex: 12    Spells: 3/4 levels left

rFire   . . .        a - +0 dagger
rCold   . . .        (no shield)
rNeg    . . .        (helmet restricted)
rPois   .            (no amulet)
rElec   .            (no ring)
rCorr   .            (no ring)
SInv    .            (no ring)
Will    .....        (no ring)
Stlth   +++          (no ring)
HPRegen 0.21/turn    (no ring)
MPRegen 0.08/turn    (no ring)
                     (no ring)

%: no passive effects
@: constricted
A: almost no armour, amphibious, 8 rings, camouflage 1, gelatinous body 1,
(nimble swimmer 1), tentacles
a: no special abilities


You were on level 1 of the Dungeon.
You visited 1 branch of the dungeon, and saw 1 of its levels.

You collected 98 gold pieces.

Inventory:

Hand Weapons
 a - a +0 dagger (weapon)
Scrolls
 b - a scroll of blinking {unknown}
 d - a scroll of teleportation {unknown}
 e - a scroll of identify {unknown}
Potions
 c - a potion of magic


   Skills:
 + Level 0.3 Fighting
 + Level 2.0 Dodging
 + Level 2.8 Stealth
 + Level 0.1 Unarmed Combat
 + Level 2.0 Spellcasting
 + Level 1.0 Conjurations
 + Level 3.0 Earth Magic


You had 3 spell levels left.
You knew the following spells:

 Your Spells              Type           Power      Damage    Failure   Level
a - Sandblast             Erth           24%        2d8       5%          1

Your spell library contained the following spells:

 Spells                   Type           Power      Damage    Failure   Level
 Passwall                 Erth           12%        N/A       16%         3
 Stone Arrow              Conj/Erth      16%        3d8       24%         3
 Brom's Barrelling Bould  Conj/Erth      8%         2d3       63%         4
 Petrify                  Alch/Erth      6%         N/A       71%         4


Dungeon Overview and Level Annotations

Branches:
Dungeon (1/15)

Altars:


Innate Abilities, Weirdness & Mutations

You cannot wear most types of armour.
You are amphibious.
You can wear up to eight rings at the same time.
Your skin changes colour to match your surroundings (Stealth+).
Your rubbery body absorbs attacks. (AC +1, EV +1)
((You are camouflaged when in or above water. (Stealth+)))
You have tentacles for arms and can constrict up to eight enemies at once.


Message History

You hit the fungus.
The fungus is lightly damaged.
You constrict the fungus.
No target in view!
You hit the fungus. You squeeze the fungus.
The fungus is lightly damaged.
You constrict the fungus.
A nearby fungus withers and dies.
You lose your grip on the fungus.
You now have 21 gold pieces (gained 10).
You now have 33 gold pieces (gained 12).
You now have 52 gold pieces (gained 19).
You now have 63 gold pieces (gained 11).
You now have 74 gold pieces (gained 11).
You now have 81 gold pieces (gained 7).
You now have 91 gold pieces (gained 10).
You now have 93 gold pieces (gained 2).
You now have 98 gold pieces (gained 5).
A ball python comes into view.
A ball python is nearby!
A ball python is nearby!
A bat comes into view.
Found 3 bubbling clear potions.
You see here a serpent talisman.
A ball python comes into view.
Found a dagger.
The ball python hisses angrily. x2
The bat misses you.
You hit the ball python but do no damage.
Your grab misses the ball python. The ball python completely misses you.
The ball python bites you. The ball python closely misses you.
The bat barely misses you. The ball python misses you.
The ball python grabs you. The ball python constricts you.
The ball python bites you.
You closely miss the ball python. You grab the ball python.
You constrict the ball python. The bat hits you. The ball python bites you.
* * * LOW HITPOINT WARNING * * *
The ball python constricts you.
* * * LOW HITPOINT WARNING * * *
The ball python bites you.
You die...

# .....# #.
...... .#
#.....# . .
....... .#.
#.##....#
....#.#!....#
...
......SSb#..####
#..
#...@##...#..
...
####.%....#.#
#.#+# ###....#.#
#.#.#
#.#..#.###.#.#
#.#.....##.#.###
#.##.#..........
#..............#
####.##.###....#
#.##.###..#..


You could see a bat and 2 ball pythons.

Vanquished Creatures
  A goblin (D:1)
  2 ball pythons (D:1)
  A bat (D:1)
  A frilled lizard (D:1)
5 creatures vanquished.

Notes
Turn   | Place    | Note
-------+----------+-------------------------------------------
     0 | D:1      | zenocrate the Octopode Earth Elementalist began the quest
                  | for the Orb.
     0 | D:1      | Reached XP level 1. HP: 11/11 MP: 3/3
   262 | D:1      | Slain by a ball python

Illustrated notes

Levels and vault maps discovered:
D:1:      saegor_arrival_simple_b, layout_loops_corners, st_stairs_5,
          minmay_gold_behind_fungi, minmay_misc_feat_square,
          hangedman_decor_push, minmay_tromino_v2

Action                     || total
---------------------------++-------
  Melee: Dagger            ||     9
         Constrict         ||     5
         Unarmed           ||     2
         Tentacles         ||     1
   Cast: Sandblast         ||     3
 Armour: Skin              ||    10
  Dodge: Dodged            ||     7

Table legend: (Time is in decaauts)
 A = Elapsed time spent in this place.
 B = Non-inter-level travel time spent in this place.
 C = Inter-level travel time spent in this place.
 D = Time resting spent in this place.
 E = Time spent auto-exploring this place.
 F = Levels seen in this place.
 G = Mean time per level.
                   A        B        C        D        E       F      G
               +--------+--------+--------+--------+--------+-----+--------+
         Total |    263 |    263 |      0 |      0 |    218 |   1 |  263.0 |
       Dungeon |    263 |    263 |      0 |      0 |    218 |   1 |  263.0 |
               +--------+--------+--------+--------+--------+-----+--------+

Top non-repeatable levels by time:
     D:1: 263 daAuts
